 Dungeon Crawl Stone Soup version 0.30.1-4-g462c640d31 (webtiles) character file.

Game seed: 7465019934633260468

39 hawla the Firebug (level 3, 0/26 HPs)
             Began as a Meteoran Fire Elementalist on Sept 7, 2023.
             Slain by an orc wizard
             ... wielding a +0 dagger
              (3 damage)
             ... on level 4 of the Dungeon.
             The game lasted 00:02:33 (502 turns).

hawla the Firebug (Meteoran Fire Elementalist)       Turns: 502, Time: 00:02:34

Health: 0/26       AC:  2    Str: 10    XL:     3   Next: 94%
Magic:  6/8        EV: 12    Int: 18    God:
Gold:   41         SH:  0    Dex: 14    Spells: 5/8 levels left

rFire   . . .        (no weapon)
rCold   . . .        (no shield)
rNeg    . . .        a - +0 robe
rPois   .            (no helmet)
rElec   .            (no cloak)
rCorr   .            (no gloves)
SInv    .            (no boots)
Will    .....        (no amulet)
Stlth   +            (no ring)
HPRegen 0.24/turn    (no ring)
MPRegen 0.11/turn

%: no passive effects
@: attractive, flying, glowing
A: sense surroundings 1, otherworldly, glowing, explore regen
a: no special abilities


You were on level 4 of the Dungeon.
You visited 1 branch of the dungeon, and saw 4 of its levels.

You collected 41 gold pieces.

Inventory:

Armour
 a - a +0 robe (worn)
Scrolls
 c - 2 scrolls of teleportation {unknown}
 e - a scroll of immolation {unknown}
 f - a scroll of identify {unknown}
 g - a scroll of amnesia {unknown}
Potions
 d - 2 potions of attraction


   Skills:
 + Level 2.7 Dodging
 - Level 1.4 Stealth
 + Level 3.4 Spellcasting
 + Level 1.7 Conjurations
 + Level 4.5 Fire Magic


You had 5 spell levels left.
You knew the following spells:

 Your Spells              Type           Power      Damage    Failure   Level
a - Foxfire               Conj/Fire      56%        2x1d6     4%          1
b - Scorch                Fire           38%        2d6       3%          2

Your spell library contained the following spells:

 Spells                   Type           Power      Damage    Failure   Level
 Magic Dart               Conj           36%        1d4       8%          1
 Inner Flame              Hex/Fire       11%        N/A       19%         3
 Volatile Blastmotes      Fire/Tloc      22%        2d11      19%         3
 Call Imp                 Summ           6%         N/A       24%         2
 Mephitic Cloud           Conj/Pois/Air  5%         N/A       36%         3
 Flame Wave               Conj/Fire      14%        2d6       38%         4


Dungeon Overview and Level Annotations

Branches:
Dungeon (4/15) Zot: 1897
 Temple: D:4-7

Altars:


Innate Abilities, Weirdness & Mutations

You passively map a small area around you.
You are easily found by Zot.
You glow in the dark.
You regain HP and MP as you explore.


Message History

Casting: Scorch (safe; 3% risk of failure)
Confirm with . or Enter, or press ? or * to list all spells.
Flames lash the orc.
The orc is almost dead.
The orc's fire resistance burns away.
Unknown command.
Magic courses through your body.
Casting: Scorch (safe; 3% risk of failure)
Confirm with . or Enter, or press ? or * to list all spells.
You conjure some foxfire!
Something hits you. The orc barely misses you.
Casting: Foxfire (safe; 4% risk of failure)
Confirm with . or Enter, or press ? or * to list all spells.
Flames lash the orc.
The orc is burned terribly!
You kill the orc!
The foxfire hits something.
The foxfire hits something but does no damage.
You hear some strange, mumbled words.
You are confused.
It was a potion of attraction.
You feel attractive to monsters. Something hits you.
The orc is attracted toward you.
It was a potion of flight.
You feel very buoyant.
You fly up into the air.
The orc barely misses you. Something hits you.
Your magical contamination has completely faded away.
You miss something. The orc hits you with a +0 dagger. Something hits you.
You closely miss something. The orc hits you with a +0 dagger.
Something hits you.
You hit the orc.
The orc is lightly wounded.
The orc misses you.
You hear some strange, mumbled words.
A puff of flame appears from out of thin air!
The puff of flame hits you!
* * * LOW HITPOINT WARNING * * *
You closely miss the orc.
The orc is lightly wounded.
You feel less confused. The orc hits you but does no damage.
Something hits you.
You die...

, , #, , #. *
.####### ......#.#
*#######.......# , ,
,......o@..#
################{#.#
*
.................#,#,
.#################,*
.######## * **
......... , ,, ,
#.########### * , +
.)[.......... ,,, ,
###.......ยง..


You could see an orc.

Vanquished Creatures
  An adder (D:3)
  A worm (D:3)
  An orc (D:4)
  2 bats (D:3)
  An endoplasm (D:1)
  A giant cockroach (D:4)
  3 goblins
  2 hobgoblins
  A kobold (D:1)
  6 quokkas
  2 frilled lizards
  3 rats
24 creatures vanquished.

Vanquished Creatures (others)
  51 foxfires
51 creatures vanquished.

Grand Total: 75 creatures vanquished

Notes
Turn   | Place    | Note
-------+----------+-------------------------------------------
     0 | D:1      | hawla the Meteoran Fire Elementalist began the quest for
                  | the Orb.
     0 | D:1      | Reached XP level 1. HP: 14/14 MP: 5/5
    83 | D:1      | Reached XP level 2. HP: 20/20 MP: 2/6
    86 | D:1      | Learned a level 2 spell: Scorch
   133 | D:2      | Reached skill level 4 in Fire Magic
   297 | D:3      | Reached XP level 3. HP: 26/26 MP: 4/8
   502 | D:4      | Slain by an orc wizard

Illustrated notes

Levels and vault maps discovered:
D:1:      kennysheep_arrival_forest, layout_loops_corners,
          chequers_ecumenical_altar_simple, minmay_hexomino_c4
D:2:      layout_basic, basic_altar
D:3:      layout_basic
D:4:      layout_basic, ebering_ghost_sewer_f

Skill      XL: |  1  2 |
---------------+-------+-----
Spellcasting   | 3 |  3.4
Fire Magic     | 4 |  4.5
Dodging        | |  2.7
Stealth        | |  1.4
Conjurations   | |  1.7

Action                     || total
---------------------------++-------
  Melee: Unarmed           ||    12
   Cast: Foxfire           ||    30
         Scorch            ||    10
    Use: Potion            ||     3
 Armour: Robe              ||     2
  Dodge: Dodged            ||     7
